 Dungeon Crawl Stone Soup version 0.30-a0-140-gd1020e658a (webtiles) character file.

Game seed: 9124180880660910194

17455 jimonade the Thaumaturge (level 12, -2/84 HPs)
             Began as a Djinni Fire Elementalist on Sept 23, 2022.
             Was an Initiate of Ashenzari.
             Slain by a fire dragon (8 damage)
             ... on level 11 of the Dungeon on Sept 24, 2022.
             The game lasted 00:44:31 (19108 turns).

jimonade the Thaumaturge (DjFE)                    Turns: 19108, Time: 00:44:32

Health: -2/84      AC:  6    Str:  9    XL:     12   Next: 82%
Gold:   885        EV: 14    Int: 21    God:    Ashenzari [......] SH:  5 Dex: 13

rFire   + + +      SeeInvis .    S - +2 trident (venom)
rCold   x . .      Faith    .    V - +0 buckler
rNeg    . . .      Spirit   .    N - +3 robe of Clouds {*Thunder rCloud rElec}
rPois   ∞          Reflect  .    Q - +0 helmet of Ashenzari's Sun {Self, Range} (curse)
rElec   +          Harm     .    o - scarf {repulsion}
rCorr   .          Rampage  .    (no gloves)
Will    +....                    (boots unavailable)
Stlth   ++........               (no amulet)
HPRegen 0.24/turn                X - ring of protection from fire
MPRegen 0.00/turn                L - ring of wizardry

@: flying, repel missiles
A: sickness immunity, fire resistance 2, cold vulnerability 1, float, innate
caster, HP casting, extra vitality 1
a: Renounce Religion, Shatter the Chains


You were on level 11 of the Dungeon.
You worshipped Ashenzari.
Ashenzari was noncommittal.
You visited 2 branches of the dungeon, and saw 12 of its levels.
You also visited: Sewer.

You collected 885 gold pieces.

Inventory:

Hand Weapons
 h - a +1 sling
 l - a +0 spear
 w - a +2 dagger of protection
 z - a +0 quarterstaff
 D - a +4 dagger of freezing
 F - a +0 shortbow
 G - the +3 arbalest of the Omega Point {elec, rPois rF++ Dex+2 Stlth-}
   (You found it on level 8 of the Dungeon)

   Any ammunition fired from it occasionally discharges a powerful burst of
   electricity upon striking a foe.
   Dex:       It affects your dexterity (+2).
   rF:        It greatly protects you from fire.
   rPois:     It protects you from poison.
   Stlth:     It makes you less stealthy.
 K - a +0 scimitar of electrocution
 S - a +2 trident of venom (weapon)
 U - a +0 whip
Missiles
 a - 7 javelins
 k - 29 poisoned darts
 y - 2 throwing nets
Armour
 d - a +0 leather armour
 o - a scarf of repulsion (worn)
 r - a +0 robe of cold resistance
 E - a +0 chain mail
 N - the +3 robe of Clouds (worn) {*Thunder rCloud rElec}
   (You found it on level 9 of the Dungeon)

   It occasionally creates storm clouds above nearby enemies.
   It grants its wearer immunity to clouds.
   rElec:     It insulates you from electricity.
 Q - the cursed +0 helmet of Ashenzari's Sun (worn) {Self, Range}
   (You found it on level 10 of the Dungeon)

   It has a curse which improves the following skills: Introspection: Fighting
   and Spellcasting.
   Ranged Combat: Ranged Weapons and Throwing.
 R - +0 acid dragon scales
 V - a +0 buckler (worn)
 W - an orb of light
Jewellery
 s - a ring of resist corrosion
 L - a ring of wizardry (right hand)
 X - a ring of protection from fire (left hand)
Wands
 v - a wand of acid (7)
 I - a wand of charming (5)
 M - a wand of mindburst (9)
 P - a wand of roots (6)
 Y - a wand of flame (6)
Scrolls
 b - 7 scrolls of enchant weapon
 c - 7 scrolls of identify
 f - 3 scrolls of teleportation
 j - a scroll of immolation
 m - 6 scrolls of blinking
 x - 4 scrolls of vulnerability
 O - a scroll of poison
 T - a scroll of butterflies
Potions
 e - 2 potions of lignification
 g - a potion of attraction {unknown}
 i - 2 potions of invisibility {unknown}
 n - 4 potions of heal wounds {unknown}
 p - a potion of haste {unknown}
 q - 2 potions of magic {unknown}
 t - a potion of might
 u - a potion of degeneration {unknown}
 A - 2 potions of brilliance {unknown}
 B - 4 potions of curing {unknown}
 C - a potion of ambrosia {unknown}
 H - 2 potions of berserk rage {unknown}
 J - a potion of cancellation {unknown}
 Z - a potion of resistance {unknown}


   Skills:
 * Level 6.2(6.6) Fighting
 * Level 7.2 Dodging
 - Level 1.5 Stealth
 * Level 4.3 Shields
 - Level 13.7(14.1) Spellcasting


You had 12 spell levels left.
You knew the following spells:

 Your Spells              Type           Power      Damage    Failure   Level
a - Foxfire               Conj/Fire      100%       2x1d9     0%          1
b - Scorch                Fire           100%       2d10      1%          2
c - Kindle Blastsparks    Fire/Tloc/Air  100%       2d18      1%          3
d - Inner Flame           Hex/Fire       65%        N/A       1%          3
e - Flame Wave            Conj/Fire      65%        2d15      1%          4
f - Sting                 Tmut/Pois      100%       1d8       0%          1
g - Passwall              Tmut/Erth      54%        N/A       1%          2
h - Swiftness             Air            65%        N/A       1%          3
i - Sticky Flame          Conj/Fire      65%        2d8       1%          4
j - Iskenderun's Mystic   Conj/Tloc      65%        2d13      1%          4
Your spell library was empty.

Dungeon Overview and Level Annotations

Branches:
Dungeon (11/15)            Temple (1/1) D:6            Lair (0/5) D:11
    Orc (0/2) D:10          Sewer (visited)

Altars:
Ashenzari
Cheibriados
Dithmenos
Elyvilon
Fedhas
Gozag
Hepliaklqana
Makhleb
Nemelex Xobeh
Okawaru
Qazlal
Ru
Trog
Uskayaw
Wu Jian
Xom
Yredelemnul
Zin
The Shining One

Shops:
D:9 :

Portals:
Bazaar: D:11

Annotations:
D:3 2 runed translucent doors, ImAmAmBug's ghost, amateur FoFi
D:9 1 runed translucent door, FizzleBang's ghost, journeyman MeGl


Innate Abilities, Weirdness & Mutations

You are immune to sickness and miasma.
You are immune to poison.
Your flesh is very heat resistant. (rF++)
You are vulnerable to cold. (rC-)
You float through the air rather than walking.
You learn spells naturally, not from books.
Your magical power is your life essence.
You have superior vitality. (+4 MHP)


Message History

Flame seeps out of the fire dragon.
The fire dragon is moderately wounded.
The fire dragon is engulfed in blazing flames.
Flame seeps out of the fire dragon.
The fire dragon barely misses you.
The fire dragon claws you but does no damage.
The fire dragon tramples you!
You hold your ground!
Casting: Scorch (safe; 1% risk of failure)
Confirm with . or Enter, or press ? or * to list all spells.
Flames lash the fire dragon.
The fire dragon resists.
Flame seeps out of the fire dragon.
The fire dragon is moderately wounded.
The fire dragon is engulfed in blazing flames.
Flame seeps out of the fire dragon.
The fire dragon breathes flames at you. The blast of flame hits you.
You resist.
* * * LOW HITPOINT WARNING * * *
Casting: Scorch (safe; 1% risk of failure)
Confirm with . or Enter, or press ? or * to list all spells.
Flames lash the fire dragon.
The fire dragon resists.
Flame seeps out of the fire dragon.
The fire dragon is heavily wounded.
* * * LOW HITPOINT WARNING * * *
The fire dragon is engulfed in blazing flames.
Flame seeps out of the fire dragon.
The fire dragon bites you.
* * * LOW HITPOINT WARNING * * *
The fire dragon claws you.
* * * LOW HITPOINT WARNING * * *
The fire dragon tramples you!
* * * LOW HITPOINT WARNING * * *
You hold your ground!
Casting: Scorch (safe; 1% risk of failure)
Confirm with . or Enter, or press ? or * to list all spells.
Flames lash the fire dragon.
The fire dragon resists.
Flame seeps out of the fire dragon.
The fire dragon is severely wounded.
* * * LOW HITPOINT WARNING * * *
The fire dragon is engulfed in blazing flames.
Flame seeps out of the fire dragon.
The fire dragon misses you. The fire dragon claws you!
You die...

### #.# ####### #.#####
###.....# #########....@#
####.......#
#......##.###D####..........#
#.####.##.###.##........#.####
#.####.##.#.........∩...#.....
#.......#.#.......[.....#.####
###..###..#.#......#......#.####
#>#................###....#.....
#....###..##.#.......'....######
#.####.....§.#.......#...!# #..


You could see a fire dragon (inner flame, catching breath, combustible).

Vanquished Creatures
  Erica (D:9)
  A boulder beetle (D:11)
  2 two-headed ogres
  Amaemon (D:11)
  Pikel (D:4)
  3 cyclopes
  A gargoyle (D:10)
  An orange demon (D:11)
  5 unseen horrors (D:10)
  3 trolls (D:10)
  Prince Ribbit (D:5)
  3 shadows (D:10)
  4 wraiths
  Eustachio (D:5)
  17 yaks
  A human (D:11)
  12 vampire mosquitoes
  2 acid dragons (D:10)
  Duvessa (D:7)
  A water moccasin (D:9)
  8 orc warriors
  4 black bears
  4 ogres
  2 phantoms
  5 centaurs
  A lemure (D:4)
  4 kobold brigands
  4 bullfrogs
  A gnoll sergeant (D:9)
  2 scorpions
  4 wights (D:8)
  Dowan (D:7)
  5 killer bees (D:8)
  3 howler monkeys
  6 jellies
  5 orc priests
  3 gnoll boudas
  An iguana (D:5)
  9 orc wizards
  26 gnolls
  12 adders
  A river rat (D:5)
  2 white imps
  An ufetubus (D:5)
  10 worms
  4 dart slugs
  33 orcs
  12 endoplasms
  6 giant cockroaches
  7 goblins
  6 hobgoblins
  4 jackals (D:2)
  3 quokkas
  10 ball pythons
  3 bats
  6 frilled lizards
  6 kobolds
  14 rats
  A plant (D:4)
301 creatures vanquished.

Vanquished Creatures (others)
  326 foxfires
  31 plants
357 creatures vanquished.

Grand Total: 658 creatures vanquished

Notes
Turn   | Place    | Note
-------+----------+-------------------------------------------
     0 | D:1      | jimonade the Djinni Fire Elementalist began the quest for
                  | the Orb.
     0 | D:1      | jimonade set off with the following spells memorised:
                  | Foxfire, Scorch, Kindle Blastsparks, Inner Flame, Flame
                  | Wave.
     0 | D:1      | Reached XP level 1. HP: 15/15 MP: 0/0
   359 | D:1      | Reached XP level 2. HP: 15/21 MP: 0/0
   645 | D:1      | Reached skill level 3 in Spellcasting
   751 | D:1      | Upgraded the game from 0.30-a0-137-gd8773701ce to
                  | 0.30-a0-140-gd1020e658a
  1035 | D:1      | Reached XP level 3. HP: 21/25 MP: 0/0
  1035 | D:1      | Learned a level 1 spell: Sting
  1853 | D:2      | Reached XP level 4. HP: 24/31 MP: 0/0
  2462 | D:2      | Reached skill level 4 in Spellcasting
  2813 | D:2      | Reached XP level 5. HP: 30/35 MP: 0/0
  2813 | D:2      | Learned a level 2 spell: Passwall
  3278 | D:3      | Found a white marble altar of Elyvilon.
  3604 | D:3      | Reached XP level 6. HP: 17/40 MP: 0/0
  3985 | D:3      | Found a runed translucent door.
  3992 | D:3      | Noticed ImAmAmBug's ghost (amateur FoFi)
  4225 | D:3      | Found a runed translucent door.
  4528 | D:4      | Reached skill level 5 in Spellcasting
  4793 | D:4      | Noticed a black bear
  4799 | D:4      | Killed a black bear
  4800 | D:4      | Reached XP level 7. HP: 36/45 MP: 0/0
  4800 | D:4      | Learned a level 3 spell: Swiftness
  4909 | D:4      | Reached skill level 6 in Spellcasting
  5021 | D:4      | Noticed Pikel
  5030 | D:4      | Killed Pikel
  5031 | D:4      | Reached skill level 7 in Spellcasting
  5031 | D:4      | Reached XP level 8. HP: 21/50 MP: 0/0
  5398 | D:4      | Found a broken altar of Ashenzari.
  5636 | D:4      | Found a glowing golden altar of the Shining One.
  5674 | D:4      | Became a worshipper of Ashenzari the Shackled
  5713 | D:5      | Entered Level 5 of the Dungeon
  5826 | D:5      | Found a glowing drain.
  5834 | Sewer    | Entered a sewer
  6154 | Sewer    | Reached skill level 8 in Spellcasting
  6406 | Sewer    | Found a viscous altar of Jiyva.
  6681 | D:5      | Reached XP level 9. HP: 47/55 MP: 0/0
  6681 | D:5      | Learned a level 4 spell: Sticky Flame
  6742 | D:5      | Noticed Prince Ribbit
  6747 | D:5      | Killed Prince Ribbit
  6748 | D:5      | Reached skill level 9 in Spellcasting
  7075 | D:5      | Found a stormy altar of Qazlal.
  7078 | D:5      | Found a shimmering altar of Xom.
  7083 | D:5      | Found a snail-covered altar of Cheibriados.
  7191 | D:5      | Noticed Eustachio
  7202 | D:5      | Killed Eustachio
  7553 | D:6      | You are sucked into a shaft and drop 2 floors!
  7769 | D:7      | Noticed Duvessa
  7775 | D:7      | Killed Duvessa
  7790 | D:7      | Noticed Dowan
  7795 | D:7      | Killed Dowan
  8376 | D:7      | Reached skill level 10 in Spellcasting
  8465 | D:7      | HP: 1/55 [cloud of flame (6)]
  8975 | D:7      | Reached XP level 10. HP: 31/60 MP: 0/0
  9363 | D:6      | Found a blossoming altar of Fedhas.
  9515 | D:6      | Found a staircase to the Ecumenical Temple.
  9540 | Temple   | Entered the Ecumenical Temple
  9843 | D:6      | Reached skill level 11 in Spellcasting
 10283 | D:7      | Found an opulent altar of Gozag.
 10548 | D:8      | Identified the +3 arbalest of the Omega Point {elec, rPois
                  | rF++ Dex+2 Stlth-}
 10617 | D:8      | Noticed a two-headed ogre
 10628 | D:8      | Killed a two-headed ogre
 10745 | D:8      | Found a bloodstained altar of Trog.
 11324 | D:8      | Reached skill level 12 in Spellcasting
 11829 | D:9      | Reached skill level 1 in Fighting
 11829 | D:9      | Reached XP level 11. HP: 29/67 MP: 0/0
 11829 | D:9      | Learned a level 4 spell: Iskenderun's Mystic Blast
 12136 | D:9      | Noticed FizzleBang's ghost (journeyman MeGl)
 12267 | D:9      | Found the +3 robe of Clouds {*Thunder rCloud rElec}
 12623 | D:9      | Found a shadowy altar of Dithmenos.
 12655 | D:9      | Found a runed translucent door.
 12993 | D:9      | Found a glowing silver altar of Zin.
 12993 | D:9      | Found a hazy altar of Hepliaklqana.
 13061 | D:9      | Noticed Erica
 13067 | D:9      | Killed Erica
 13372 | D:9      | Noticed a cyclops
 13382 | D:9      | Killed a cyclops
 13383 | D:9      | Reached skill level 13 in Spellcasting
 13443 | D:9      | Found Zuamoaj's Book Emporium.
 13858 | D:10     | Entered Level 10 of the Dungeon
 15433 | D:10     | Reached skill level 5 in Dodging
 15511 | D:10     | Reached XP level 12. HP: 71/78 MP: 0/0
 16155 | D:10     | Found a staircase to the Orcish Mines.
 16352 | D:10     | Reached skill level 1 in Shields
 16827 | D:10     | Found a sparkling altar of Nemelex Xobeh.
 17177 | D:11     | Reached skill level 5 in Fighting
 17453 | D:11     | Noticed Amaemon
 17470 | D:11     | Killed Amaemon
 18164 | D:11     | Noticed a boulder beetle
 18184 | D:11     | Killed a boulder beetle
 18184 | D:11     | Noticed a fire dragon
 18745 | D:11     | Noticed a two-headed ogre
 18769 | D:11     | Killed a two-headed ogre
 18961 | D:11     | Found a staircase to the Lair.
 19007 | D:11     | Found a gateway to a bazaar.
 19108 | D:11     | Slain by a fire dragon

Illustrated notes

Levels and vault maps discovered:
D:1:      psy_arrival_basics, layout_loops_ring, serial_co_window_serial,
          co_window_paths_a, co_window_of_opportunity_a, co_window_paths_a,
          co_window_paths_b, co_window_of_opportunity_a, co_window_paths_a,
          co_window_paths_a, co_window_2corner, co_window_broadway_b,
          co_window_corner_b, co_window_broadway_a, glass_columns_c,
          glass_columns_a, glass_columns_b
D:2:      kb_forest_paths, layout_basic
D:3:      layout_basic, nicolae_elyvilon_temple_path, ebering_ghost_sewer_f,
          grunt_ministairs_3, grunt_decor_one_mirror
D:4:      layout_loops_ring, ashenzari_conservatory_becter, tso_oasis_becter,
          nicolae_grassy_gnolls, uniq_pikel
D:5:      layout_cave_pools, grunt_temple_overflow_diamond,
          lightli_sewer_entry_pipes, uniq_prince_ribbit1, uniq_eustachio
D:6:      layout_rooms, lemuel_doored_altar, minmay_temple_entry_purple_smoke
D:7:      layout_loops_ring, fiery_altar_vehumet, grunt_gozag_statues,
          uniq_duvessa
D:8:      layout_rooms, amcnicky_altar_gilded, serial_co_window_serial,
          co_window_of_opportunity_a, co_window_of_opportunity_a,
          co_window_of_opportunity_a, co_window_paths_a, co_window_paths_a,
          co_window_paths_b, co_window_broadway_c, co_window_unsneaky_path_b,
          co_window_unsneaky_path_e, glass_columns_a, glass_columns_c,
          glass_columns_a
D:9:      layout_loops_corners, gammafunk_temple_overflow_statue,
          mainiacjoe_overflow_brackets, serial_shops, shop,
          hellmonk_ghost_big_iron, uniq_erica
D:10:     nzn_winding_woodlands_medium [nzn_winding_woodlands_5x5_cross,
          nzn_winding_woodlands_5x15_sidewinder,
          nzn_winding_woodlands_5x5_closed_star,
          nzn_winding_woodlands_5x5_perimeter,
          nzn_winding_woodlands_center_garden, nzn_winding_woodlands_5x5_three,
          nzn_winding_woodlands_5x5_checkerboard,
          nzn_winding_woodlands_5x15_sawtooth,
          nzn_winding_woodlands_5x5_default], layout_loops_cross,
          nemelex_xobeh_ov_fountains_minmay, lightli_corner_chamber
D:11:     layout_basic, minmay_lair_entry_lava, serial_shops,
          bzr_entry_customers, nicolae_figureground_pulse, uniq_amaemon
Temple:   nicolae_temple_godpark

Skill      XL: |  1  2  3  4  5  6  7  8  9 10 11 12 |
---------------+-------------------------------------+-----
Spellcasting   | 3 4 5 7 8 10 12 13 | 13.7
Fighting       | 1 3 6 |  6.2
Dodging        | 5 7 |  7.2
Shields        | 4 |  4.3
Stealth        | |  1.5

Action                   |  1- 3 |  4- 6 |  7- 9 | 10-12 || total
-------------------------+-------+-------+-------+-------++-------
Melee: Unarmed           |     1 |       |       |       ||     1
       Dagger            |       |     1 |     1 |     3 ||     5
       Trident           |       |       |       |     1 ||     1
 Fire: Arbalest          |       |       |       |     3 ||     3
 Cast: Foxfire           |    15 |    25 |    72 |   111 ||   223
       Scorch            |    25 |    55 |    46 |   142 ||   268
       Inner Flame       |       |    12 |    28 |    91 ||   131
       Kindle Blastspark |       |       |     5 |     9 ||    14
       Flame Wave        |       |       |     2 |     1 ||     3
       Iskenderun's Myst |       |       |       |    18 ||    18
       Sticky Flame      |       |       |       |     2 ||     2
Invok: Curse Item        |       |       |       |     2 ||     2
       Shatter the Chain |       |       |       |     1 ||     1
  Use: Scroll            |       |       |    14 |       ||    14
Armor: Robe              |     1 |     1 |     2 |    22 ||    26
       Ring mail         |       |       |       |     1 ||     1
Dodge: Dodged            |     8 |     8 |     9 |    41 ||    66
       Repelled          |       |       |       |     4 ||     4
Block: Buckler           |       |       |       |     5 ||     5

Table legend: (Time is in decaauts)
 A = Elapsed time spent in this place.
 B = Non-inter-level travel time spent in this place.
 C = Inter-level travel time spent in this place.
 D = Time resting spent in this place.
 E = Time spent auto-exploring this place.
 F = Levels seen in this place.
 G = Mean time per level.
                   A        B        C        D        E       F      G
               +--------+--------+--------+--------+--------+-----+--------+
         Total |  19136 |  18524 |    612 |   5171 |  10184 |  13 | 1472.0 |
       Dungeon |  18264 |  17669 |    595 |   4747 |   9912 |  11 | 1660.4 |
        Temple |    122 |    105 |     17 |      0 |     96 |   1 |  122.0 |
         Sewer |    749 |    749 |      0 |    424 |    176 |   1 |  749.0 |
               +--------+--------+--------+--------+--------+-----+--------+

Top non-repeatable levels by time:
     D:9: 3185 daAuts
    D:10: 2749 daAuts
     D:7: 1826 daAuts
     D:1: 1684 daAuts
     D:2: 1472 daAuts
     D:3: 1420 daAuts
     D:8: 1374 daAuts
    D:11: 1296 daAuts
     D:4: 1137 daAuts
     D:6: 1070 daAuts
     D:5: 1047 daAuts
   Sewer: 749 daAuts
  Temple: 122 daAuts
